 Dungeon Crawl Stone Soup version 0.26-a0-602-gd42a14c23b (webtiles) character file.

Game seed: 10994060114494615158

21268 Krehm the Fighter (level 12, -11/99 HPs)
             Began as a Demonspawn Fighter on Aug 30, 2020.
             Was the Champion of Fedhas.
             Killed from afar by an orc sorcerer (27 damage)
             ... with a bolt of fire
             ... on level 2 of the Orcish Mines.
             The game lasted 01:20:33 (16791 turns).

Krehm the Fighter (Demonspawn Fighter)             Turns: 16791, Time: 01:20:34

Health: -11/99     AC: 17    Str: 22      XL:     12   Next: 52%
Magic:  0/27       EV:  4    Int:  9      God:    Fedhas [******]
Gold:   1239       SH: 11    Dex: 17 (19) Spells: 11/11 levels left

rFire    . . .     SeeInvis .   u - +0 trident (venom)
rCold    . . .     Faith    .   c - +0 kite shield
rNeg     . . .     Spirit   +   F - +0 plate armour
rPois    .         Reflect  .   O - +0 helmet
rElec    .         Harm     .   e - scarf {+Inv}
rCorr    .                      I - +2 pair of gloves
MR       .....                  (boots unavailable)
Stlth    ..........             s - amulet of magic regeneration
HPRegen  0.26/turn              j - ring of magical power
MPRegen  0.45/turn              P - +6 ring of dexterity

@: hasted, very heavily drained, very quick
A: hooves 3, thin metallic scales 1, spiny 1, magic shield
a: Wall of Briars, Grow Ballistomycete, Overgrow, Grow Oklob, Renounce Religion,
Evoke Invisibility


You were on level 2 of the Orcish Mines.
You worshipped Fedhas.
Fedhas was exalted by your worship.
You visited 2 branches of the dungeon, and saw 14 of its levels.

You collected 1399 gold pieces.
You spent 160 gold pieces at shops.

Inventory:

Hand Weapons
 u - a +0 trident of venom (weapon)
 H - a +2 trident
Missiles
 x - 34 poisoned darts (quivered)
 y - 2 atropa-tipped darts
Armour
 c - a +0 kite shield (worn)
 e - a scarf of invisibility (worn)
 F - a +0 plate armour (worn)
 I - a +2 pair of gloves (worn)
 O - a +0 helmet (worn)
Magical Staves
 b - an uncursed staff of poison
Jewellery
 j - a ring of magical power (left hand)
 s - an amulet of magic regeneration (around neck)
 K - an uncursed ring of flight
 L - an uncursed ring of stealth
 P - a +6 ring of dexterity (right hand)
Wands
 a - a wand of iceblast (16)
 g - a wand of paralysis (12)
 z - a wand of disintegration (28)
 M - a wand of acid (2)
 N - a wand of flame (20)
Scrolls
 f - a scroll of random uselessness {unknown}
 i - 2 scrolls of fear
 l - 2 scrolls of amnesia
 m - 2 scrolls of immolation {unknown}
 n - 7 scrolls of teleportation
 q - 4 scrolls of magic mapping
 v - a scroll of fog {unknown}
 B - 7 scrolls of remove curse
 E - a scroll of enchant weapon {unknown}
 J - a scroll of enchant armour {unknown}
Potions
 d - 5 potions of might
 h - a potion of ambrosia {unknown}
 k - 3 potions of brilliance
 o - 2 potions of curing
 p - a potion of cancellation {unknown}
 r - a potion of berserk rage {unknown}
 t - 2 potions of resistance
 A - 2 potions of lignification
 C - 3 potions of flight {unknown}
 D - a potion of haste
 G - 3 potions of heal wounds {unknown}
Miscellaneous
 w - a tin of tremorstones (3/3)


   Skills:
 + Level 10.6(6.5) Fighting
   Level 3.1(0.0) Maces & Flails
 + Level 9.0(5.1) Polearms
 + Level 6.3(2.6) Armour
 + Level 9.8(5.8) Shields
 + Level 9.0(5.1) Invocations
 - Level 7.0(3.2) Evocations


You had 11 spell levels left.
You didn't know any spells.
Your spell library contained the following spells:

 Spells                   Type           Power        Failure   Level
 Foxfire                  Conj/Fire      #...         100%        1
 Freeze                   Ice            #...         100%        1
 Conjure Flame            Conj/Fire      #.......     100%        3
 Frozen Ramparts          Ice            #.....       100%        3
 Inner Flame              Hex/Fire       #.......     100%        3
 Ozocubu's Armour         Ice            #.......     100%        3
 Hailstorm                Conj/Ice       #.......     100%        4
 Sticky Flame             Conj/Fire      #.......     100%        4
 Summon Ice Beast         Ice/Summ       #.......     100%        4
 Fireball                 Conj/Fire      #.........   100%        5


Dungeon Overview and Level Annotations

Branches:
Dungeon (12/15)            Temple (0/1) D:4            Lair (0/6) D:11
    Orc (2/2) D:10            Elf (0/3) Orc:2

Altars:
Ashenzari
Dithmenos
Fedhas
Vehumet
Xom
Yredelemnul
Zin
The Shining One
Beogh

Shops:
Orc:2 =(


Innate Abilities, Weirdness & Mutations

You have hooves in place of feet.
You are partially covered in thin metallic scales. (AC +2)
You are partially covered in sharp spines.
When hurt, damage is shared between your health and your magic reserves.


Message History

An orc warrior comes into view. It is wielding a +0 dire flail.
Press: ? - help, Dir - move target cursor A ballistomycete grows from the ground.
The orc sorcerer points at you and mumbles some strange words.
The bolt of negative energy hits you!
You feel drained. The orc sorcerer casts a spell at you.
The bolt of negative energy hits you!!!
You feel drained.
You feel yourself speed up.
You feel better.
The soul eater draws from the surrounding life force!
* * * LOW HITPOINT WARNING * * *
The orc sorcerer is struck by your spines.
The orc sorcerer hits you but does no damage.
The orc sorcerer points at you and mumbles some strange words.
The bolt of fire hits you!
* * * LOW HITPOINT WARNING * * *
The orc sorcerer gestures at you while chanting.
The bolt of fire hits you!!
You die...
Fedhas appreciates your contribution to the ecosystem.

##..........o..o....
#............3oo##.##..
#....##...P.o.......#.........##
###..###...#..oo4#...............
#.#...#.>.....o..#...............
......................PP..P..PP..
.......................P.P.P.....
..........................8...P..
.<..............@.............P..
...#......................∩).....
..###............................
#..##...............#.......P....
....#...............#..P......P..
#.....................P..P.......
#...........#....................
.................................
.................................


You could see an orc warlord, a soul eater (summoned), a chaos spawn (summoned),
2 orc sorcerers, 3 orc warriors and a friendly ballistomycete (summoned).

Vanquished Creatures
  3 two-headed ogres
  2 hydras (D:11)
  2 unseen horrors (D:10)
  Pikel (D:8)
  2 orc knights (Orc:1)
  2 orc sorcerers
  An ugly thing (D:8)
  3 centaur zombies
  Psyche (D:8)
  A gargoyle (D:8)
  A komodo dragon (D:12)
  2 trolls
  Prince Ribbit (D:6)
  A hornet (D:12)
  4 hippogriffs
  2 vampires
  2 wyverns
  A wraith (D:12)
  17 yaks
  A basilisk (D:12)
  4 vampire mosquitoes (D:12)
  An acid dragon (D:12)
  A water moccasin (D:11)
  14 orc warriors
  3 ice beasts
  2 black bears
  4 phantoms
  3 sky beasts
  A necrophage (D:9)
  6 ogres
  7 centaurs
  2 lemures (D:8)
  8 bullfrogs
  A wyvern zombie (D:10)
  2 wyvern skeletons
  4 scorpions
  14 wights
  6 howler monkeys
  5 quasits
  6 hounds
  3 centaur skeletons
  6 jellies
  A gnoll shaman (D:4)
  6 orc priests
  13 orc wizards
  2 bullfrog skeletons (D:7)
  5 iguanas
  4 worker ants
  A hound skeleton (D:7)
  A worker ant zombie (D:9)
  13 gnolls
  15 adders
  4 shadow imps
  6 white imps
  3 ufetubi
  An ooze (D:2)
  An adder skeleton (D:7)
  5 worms
  The ghost of qipq the Sneak, a weakling OpDe (D:6)
  2 dart slugs (D:1)
  5 leopard geckos
  74 orcs
  A ball python (D:5)
  10 bats
  3 giant cockroaches
  4 goblins
  13 hobgoblins
  13 jackals
  5 kobolds
  5 quokkas
  3 frilled lizards
  A goblin skeleton (D:7)
  2 hobgoblin zombies (D:7)
  A jackal zombie (D:9)
  A kobold zombie (D:7)
  A leopard gecko skeleton (D:4)
  2 orc skeletons (D:7)
  2 orc zombies (D:7)
  2 quokka skeletons
  6 rats
391 creatures vanquished.

Vanquished Creatures (others)
  An orc (Orc:1)
  6 fungi
  2 plants (D:2)
9 creatures vanquished.

Grand Total: 400 creatures vanquished

Notes
Turn   | Place    | Note
-------+----------+-------------------------------------------
     0 | D:1      | Krehm the Demonspawn Fighter began the quest for the Orb.
     0 | D:1      | Reached XP level 1. HP: 18/18 MP: 1/1
   323 | D:1      | Gained mutation: You are partially covered in thin metallic
                  | scales. (AC +2) [demonic ancestry]
   323 | D:1      | Reached XP level 2. HP: 22/24 MP: 2/2
   673 | D:1      | Gained mutation: When hurt, damage is shared between your
                  | health and your magic reserves. [demonic ancestry]
   673 | D:1      | Reached XP level 3. HP: 29/29 MP: 3/3
  1063 | D:2      | Found a blossoming altar of Fedhas.
  1084 | D:1      | Gained mutation: You have large cloven feet. [demonic
                  | ancestry]
  1084 | D:1      | Reached XP level 4. HP: 37/37 MP: 4/4
  1499 | D:2      | Became a worshipper of Fedhas Madash
  1604 | D:3      | Reached skill level 4 in Fighting
  1901 | D:3      | Reached XP level 5. HP: 39/42 MP: 5/5
  1992 | D:3      | Found a shattered altar of Ashenzari.
  2534 | D:4      | Found a shimmering altar of Xom.
  2535 | D:4      | Found a shimmering altar of Xom.
  2758 | D:3      | Reached skill level 1 in Evocations
  2780 | D:4      | Reached skill level 1 in Polearms
  2895 | D:4      | Reached * piety under Fedhas
  2895 | D:4      | Gained mutation: You have hoof-like feet. [demonic
                  | ancestry]
  2895 | D:4      | Reached XP level 6. HP: 40/49 MP: 6/6
  3042 | D:4      | Found a shimmering altar of Xom.
  3042 | D:4      | Found a shimmering altar of Xom.
  3043 | D:4      | Found a shimmering altar of Xom.
  3137 | D:4      | Found a staircase to the Ecumenical Temple.
  3159 | D:4      | Found a basalt altar of Yredelemnul.
  3321 | D:5      | Entered Level 5 of the Dungeon
  4093 | D:5      | Reached ** piety under Fedhas
  4094 | D:5      | Got a masterwork leather armour
  4106 | D:5      | Identified the +1 leather armour of Anaesthesia {-Cast rC++
                  | Stlth+} (You found it on level 5 of the Dungeon)
  4140 | D:5      | Reached XP level 7. HP: 55/55 MP: 7/7
  4619 | D:6      | Reached skill level 5 in Fighting
  4893 | D:6      | Reached skill level 5 in Shields
  5085 | D:6      | Gained mutation: You have hooves in place of feet. [demonic
                  | ancestry]
  5085 | D:6      | Reached XP level 8. HP: 59/63 MP: 8/8
  5106 | D:6      | Found a transporter.
  5111 | D:6      | Noticed qipq's ghost (weakling OpDe)
  5132 | D:6      | Found a transporter.
  5445 | D:7      | Noticed Prince Ribbit
  5472 | D:6      | Killed Prince Ribbit
  5472 | D:6      | Reached skill level 6 in Fighting
  5792 | D:7      | Found a glowing golden altar of the Shining One.
  5963 | D:7      | Reached *** piety under Fedhas
  6167 | D:7      | Reached skill level 5 in Evocations
  6466 | D:7      | Found a radiant altar of Vehumet.
  6483 | D:7      | Reached XP level 9. HP: 71/71 MP: 9/9
  6573 | D:8      | Noticed a green ugly thing
  6588 | D:8      | Killed a red ugly thing
  6588 | D:8      | Reached skill level 7 in Fighting
  6588 | D:8      | Reached skill level 5 in Polearms
  6776 | D:8      | Noticed Psyche
  6786 | D:8      | Killed Psyche
  7000 | D:8      | Found a blossoming altar of Fedhas.
  7623 | D:8      | Noticed a gargoyle
  7654 | D:8      | Killed a gargoyle
  7942 | D:8      | Noticed Pikel
  7972 | D:8      | Killed Pikel
  7972 | D:8      | Reached **** piety under Fedhas
  7972 | D:8      | Reached skill level 8 in Fighting
  7972 | D:8      | Gained mutation: You are partially covered in sharp spines.
                  | [demonic ancestry]
  7972 | D:8      | Reached XP level 10. HP: 49/80 MP: 10/10
  8503 | D:9      | Noticed a two-headed ogre
  8531 | D:8      | Killed a two-headed ogre
  8531 | D:8      | Reached skill level 1 in Invocations
  8852 | D:9      | Identified the +6 hand axe of the Vine {flame, rF+ rN+}
  9060 | D:9      | Found a glowing silver altar of Zin.
 10021 | D:9      | Found a shadowy altar of Dithmenos.
 10400 | D:10     | Entered Level 10 of the Dungeon
 10414 | D:10     | Found a roughly hewn altar of Beogh.
 10777 | D:10     | Found a staircase to the Orcish Mines.
 10903 | D:10     | Noticed a two-headed ogre
 10931 | D:9      | Killed a two-headed ogre
 11002 | D:10     | Killed an unseen horror
 11002 | D:10     | Reached skill level 9 in Fighting
 11182 | D:10     | Reached XP level 11. HP: 79/88 MP: 14/14
 11187 | D:10     | Reached skill level 5 in Invocations
 11203 | D:10     | Reached ***** piety under Fedhas
 11336 | D:10     | Killed an unseen horror
 12522 | D:11     | Noticed an eight-headed hydra
 12540 | D:11     | Killed an eight-headed hydra
 12646 | D:11     | Found a staircase to the Lair.
 12932 | D:11     | Noticed a five-headed hydra
 12949 | D:11     | Killed a five-headed hydra
 13161 | D:11     | Reached skill level 5 in Armour
 13416 | D:11     | Reached skill level 10 in Fighting
 14012 | D:12     | Reached XP level 12. HP: 90/96 MP: 17/17
 14470 | D:12     | Noticed a two-headed ogre
 14492 | D:12     | Killed a two-headed ogre
 15092 | D:6      | Killed qipq's ghost
 15294 | Orc:1    | Entered Level 1 of the Orcish Mines
 15630 | Orc:1    | Reached ****** piety under Fedhas
 16130 | Orc:2    | Entered Level 2 of the Orcish Mines
 16274 | Orc:2    | Paralysed by an orc sorcerer for 4 turns
 16697 | Orc:2    | Found Alun's Antique Weapon Shoppe.
 16717 | Orc:2    | Bought an encrusted spear for 160 gold pieces
 16717 | Orc:2    | Identified the +3 spear of Bodily Harmony {drain, *Drain
                  | rF+ Dex+5} (You bought it in a shop on level 2 of the
                  | Orcish Mines)
 16761 | Orc:2    | Found a staircase to the Elven Halls.
 16778 | Orc:2    | Found Yhin's Jewellery Shop.
 16778 | Orc:2    | Noticed an orc warlord
 16778 | Orc:2    | Noticed an orc high priest
 16791 | Orc:2    | Killed from afar by an orc sorcerer

Illustrated notes

Levels and vault maps discovered:
D:1:      lemuel_arrival_broad_hall, layout_basic, minmay_misc_feat_roman
D:2:      layout_rooms, fedhas_altar_3
D:3:      layout_basic, ashenzari_altar_1
D:4:      layout_rooms, nicolae_overflow_hidden_temple,
          minmay_temple_entry_metal_lava, minmay_misc_feat_diagonals,
          kennysheep_path_1, xom_redecorated
D:5:      layout_basic
D:6:      layout_rooms, gammafunk_ghost_stat_death
D:7:      layout_loops_ring, kennysheep_mini_moat, nicolae_tso_besieged_by_evil,
          minmay_quadrilaterals, uniq_prince_ribbit1
D:8:      minmay_diamond_stairs, layout_basic, basic_altar, uniq_psyche,
          uniq_pikel
D:9:      layout_layer_cave, marbit_many_paths, lemuel_round_altar
D:10:     layout_layer_cave, david_orc_5
D:11:     layout_irregular_city, lair_entry_dummy
D:12:     layout_small_grid
Orc:1:    cheibrodos_orc_bank, layout_caves
Orc:2:    grunt_orc_gardens, layout_caves, grunt_orc_garden, grunt_orc_garden,
          grunt_orc_garden, grunt_orc_garden, basic_altar,
          hangedman_minor_magic, uniq_donald

Skill      XL: |  1  2  3  4  5  6  7  8  9 10 11 12 |
---------------+-------------------------------------+-----
Maces & Flails | 2 3 |  3.1
Shields        | 3 4 5 6 7 8 9 |  9.8
Fighting       | 4 5 6 8 9 10 | 10.6
Evocations     | 1 2 3 5 6 7 |  7.0
Polearms       | 1 2 3 4 6 7 8 9 |  9.0
Invocations    | 4 7 9 |  9.0
Armour         | 3 5 6 |  6.3

Action                   |  1- 3 |  4- 6 |  7- 9 | 10-12 || total
-------------------------+-------+-------+-------+-------++-------
Melee: Flail             |   127 |   245 |    59 |       ||   431
       Kick              |       |    70 |    82 |   246 ||   398
       Trident           |       |     8 |   248 |   711 ||   967
       Morningstar       |       |       |    35 |       ||    35
Throw: Stone             |       |     3 |       |       ||     3
       Dart              |       |       |     7 |     4 ||    11
       Throwing net      |       |       |     2 |     1 ||     3
Invok: Grow Ballistomyce |       |       |       |     1 ||     1
 Abil: Evoke Invisibilit |       |       |     5 |    13 ||    18
Evoke: Wand              |       |       |     3 |     3 ||     6
  Use: Scroll            |       |     4 |       |     7 ||    11
       Potion            |       |       |       |     2 ||     2
 Stab: Invisible         |       |       |     3 |    26 ||    29
       Held in net/web   |       |       |       |     1 ||     1
Armor: Scale mail        |    63 |   106 |   112 |    34 ||   315
       Plate armour      |       |       |       |   245 ||   245
Dodge: Dodged            |    37 |    68 |    78 |   105 ||   288
Block: Kite shield       |    76 |   135 |   136 |   310 ||   657

Table legend: (Time is in decaauts)
 A = Elapsed time spent in this place.
 B = Non-inter-level travel time spent in this place.
 C = Inter-level travel time spent in this place.
 D = Time resting spent in this place.
 E = Time spent auto-exploring this place.
 F = Levels seen in this place.
 G = Mean time per level.
                   A        B        C        D        E       F      G
               +--------+--------+--------+--------+--------+-----+--------+
         Total |  16981 |  16067 |    914 |   4453 |   7012 |  14 | 1212.9 |
       Dungeon |  15607 |  14728 |    879 |   3814 |   6763 |  12 | 1300.6 |
  Orcish Mines |   1374 |   1339 |     35 |    639 |    249 |   2 |  687.0 |
               +--------+--------+--------+--------+--------+-----+--------+

Top non-repeatable levels by time:
     D:8: 2344 daAuts
    D:10: 2043 daAuts
     D:9: 1681 daAuts
    D:11: 1255 daAuts
    D:12: 1252 daAuts
     D:1: 1180 daAuts
   Orc:1: 1174 daAuts
     D:5: 1165 daAuts
     D:3: 1142 daAuts
     D:7: 1120 daAuts
     D:6: 1115 daAuts
     D:4: 830 daAuts
     D:2: 474 daAuts
   Orc:2: 200 daAuts
